 Dungeon Crawl Stone Soup version 0.21.1-1-g345015fe64 (webtiles) character file.

483 Ivernyr the Ogre Mage (level 7, -9/70 HPs)
             Began as an Ogre Wizard on Apr 30, 2018.
             Mangled by a mummy (13 damage)
             ... in an ossuary.
             The game lasted 00:13:46 (4163 turns).

Ivernyr the Ogre Mage (Ogre Wizard)                 Turns: 4163, Time: 00:13:46

Health: -9/70      AC:  4    Str: 12    XL:     7   Next: 12%
Magic:  6/15       EV: 10    Int: 21    God:
Gold:   144        SH:  0    Dex:  7    Spells: 7/16 levels left

rFire    + . .     SeeInvis .   (no weapon)
rCold    . . .     Gourm    .   (no shield)
rNeg     . . .     Faith    .   a - +0 robe
rPois    .         Spirit   .   b - +0 hat
rElec    .         Reflect  .   n - +0 cloak
rCorr    .         Harm     .   (gloves unavailable)
MR       .....                  (boots unavailable)
Stlth    +.........             (no amulet)
HPRegen  0.21/turn              x - ring of protection from fire
MPRegen  0.14/turn              (no ring)

@: no status effects
A: large, unfitting armour, tough skin 1
a: no special abilities


You were in an ossuary.
You were hungry.

You visited 1 branch of the dungeon, and saw 4 of its levels.
You also visited: Ossuary.

You collected 144 gold pieces.

Inventory:

Armour
 a - a +0 robe (worn)
 b - a +0 hat (worn)
 n - a +0 cloak (worn)
Jewellery
 x - a ring of protection from fire (left hand)
Wands
 p - a wand of iceblast (14)
 q - a wand of polymorph (7)
 v - a wand of paralysis (18)
Scrolls
 e - 2 scrolls of immolation
 g - a scroll of enchant armour
 i - a scroll of random uselessness
 m - a scroll of enchant weapon {unknown}
 o - 2 scrolls of fog
 s - 2 scrolls of teleportation
 u - a scroll of remove curse
Potions
 c - a potion of might
 f - a potion of resistance {unknown}
 h - 2 potions of ambrosia {unknown}
 j - a potion of flight {unknown}
 k - 2 potions of haste {unknown}
 l - a potion of berserk rage {unknown}
 r - a potion of lignification {unknown}
 t - a potion of agility {unknown}
 z - a potion of curing {unknown}
Comestibles
 d - 6 rations


   Skills:
 + Level 4.2 Fighting
 - Level 2.0 Dodging
 - Level 1.4 Stealth
 + Level 5.3 Spellcasting
 * Level 4.6 Conjurations
   Level 0.8 Summonings
 - Level 0.8 Translocations


You had 7 spell levels left.
You knew the following spells:

 Your Spells              Type           Power        Failure   Level  Hunger
a - Magic Dart            Conj           ####         1%          1    None
b - Blink                 Tloc           N/A          11%         2    None
c - Conjure Flame         Conj/Fire      ###.....     12%         3    ##.....
d - Mephitic Cloud        Conj/Pois/Air  ##......     17%         3    ##.....


Dungeon Overview and Level Annotations

Branches:
Dungeon (4/15)             Temple (0/1) D:4

Altars:
Gozag
Hepliaklqana

Annotations:
D:4 DarkMoon's ghost, amateur HOFE


Innate Abilities, Weirdness & Mutations

You are too large for most types of armour.
You have tough skin. (AC +1)


Message History

Casting: Magic Dart
Confirm with . or Enter, or press ? or * to list all spells.
Aiming: Magic Dart
Press: ? - help, Shift-Dir - straight line, f/p - mummy
Aim: a mummy (severely damaged)
The magic dart hits the mummy.
You destroy the mummy!
The mummy hits you!!
* * * LOW HITPOINT WARNING * * *
The mummy hits you!
* * * LOW HITPOINT WARNING * * *
Casting: Magic Dart
Confirm with . or Enter, or press ? or * to list all spells.
Aiming: Magic Dart
Press: ? - help, Shift-Dir - straight line, f - mummy
Aim: a mummy The magic dart hits the mummy.
The mummy is lightly damaged.
The mummy hits you!
You die...

#.....#
+.....+
##.....##
#.......#
#.......#
#...∩...#
#.......#
#...@...#
#...MM..#
#.......#
##.....##
#.....#
##...##
#####


You could see 2 mummies.

Vanquished Creatures
  Sigmund (D:3)
  A phantom (D:4)
  A scorpion (D:4)
  A bullfrog skeleton (D:4)
  Ijyb (D:3)
  A mummy (Ossuary)
  5 adders
  An ooze (D:3)
  A dart slug (D:2)
  2 worms (D:3)
  5 leopard geckos
  7 orcs
  8 bats
  2 giant cockroaches (D:1)
  4 goblins
  7 hobgoblins
  6 jackals
  3 quokkas
  4 ball pythons
  3 frilled lizards (D:2)
  6 kobolds
  5 rats
75 creatures vanquished.

Notes
Turn   | Place    | Note
-------+----------+-------------------------------------------
     0 | D:1      | Ivernyr the Ogre Wizard began the quest for the Orb.
     0 | D:1      | Reached XP level 1. HP: 16/16 MP: 5/5
    60 | D:1      | Reached skill level 1 in Conjurations
   236 | D:1      | Reached XP level 2. HP: 24/24 MP: 1/6
   286 | D:1      | Learned a level 2 spell: Blink
  1300 | D:2      | Reached skill level 1 in Fighting
  1300 | D:2      | Reached skill level 4 in Spellcasting
  1300 | D:2      | Reached XP level 3. HP: 33/33 MP: 2/8
  1412 | D:2      | Learned a level 3 spell: Conjure Flame
  1416 | D:2      | Learned a level 3 spell: Mephitic Cloud
  1417 | D:2      | Found a hazy altar of Hepliaklqana.
  1622 | D:2      | Reached XP level 4. HP: 34/41 MP: 0/10
  2491 | D:3      | Noticed Ijyb
  2511 | D:3      | Killed Ijyb
  2552 | D:3      | Reached XP level 5. HP: 45/49 MP: 0/11
  3123 | D:3      | Noticed Sigmund
  3133 | D:3      | Killed Sigmund
  3133 | D:3      | Reached XP level 6. HP: 56/61 MP: 0/13
  3529 | D:3      | Reached skill level 5 in Spellcasting
  3687 | D:4      | Found an opulent altar of Gozag.
  3709 | D:4      | Noticed a phantom
  3768 | D:4      | Killed a phantom
  3906 | D:4      | Reached XP level 7. HP: 40/70 MP: 0/15
  4071 | D:4      | Found a staircase to the Ecumenical Temple.
  4088 | D:4      | Noticed DarkMoon's ghost (amateur HOFE)
  4145 | D:4      | Found a sand-covered staircase.
  4153 | Ossuary  | Entered an ossuary
  4163 | Ossuary  | Mangled by a mummy

Skill      XL: |  1  2  3  4  5  6 |
---------------+-------------------+-----
Conjurations   | 1 2 3 4 |  4.6
Dodging        | 2 |  2.0
Fighting       | 1 2 3 4 |  4.2
Spellcasting   | 4 5 |  5.3
Stealth        | |  1.4
Summonings     | |  0.8
Translocations | |  0.8

Action                   |  1- 3 |  4- 6 |  7- 9 || total
-------------------------+-------+-------+-------++-------
Melee: Unarmed           |    31 |    24 |       ||    55
 Cast: Magic Dart        |    79 |   163 |    13 ||   255
       Mephitic Cloud    |       |     1 |       ||     1
  Use: Scroll            |       |     7 |       ||     7
 Stab: Sleeping          |       |     1 |       ||     1
  Eat: Chunk             |     2 |     7 |       ||     9
Armor: Robe              |    15 |    14 |     1 ||    30
Dodge: Dodged            |    27 |    44 |     3 ||    74
